 Dungeon Crawl Stone Soup version 0.29.0-7-g18a832c13a (webtiles) character file.

Game seed: 11410073912600149180

40 night the Trooper (level 3, -1/29 HPs)
             Began as a Demonspawn Monk on Aug 30, 2022.
             Was a Priest of Kikubaaqudgha.
             Succumbed to a kobold's poison
             ... on level 2 of the Dungeon.
             The game lasted 00:04:58 (1795 turns).

night the Trooper (Demonspawn Monk)                 Turns: 1795, Time: 00:04:59

Health: -1/29      AC:  2    Str: 11    XL:     3   Next: 30%
Magic:  0/4        EV: 12    Int: 13    God:    Kikubaaqudgha [***...]
Gold:   49         SH:  0    Dex: 15    Spells: 2/3 levels left

rFire   . . .      SeeInvis .     - Unarmed
rCold   . . .      Faith    .   (no shield)
rNeg    . . .      Spirit   .   a - +0 robe
rPois   .          Reflect  .   (no helmet)
rElec   .          Harm     .   (no cloak)
rCorr   .          Rampage  .   (no gloves)
Will    .....                   (no boots)
Stlth   ++........              (no amulet)
HPRegen 0.09/turn               (no ring)
MPRegen 0.09/turn               (no ring)

@: lethally poisoned (-1 -> -23), very slightly contaminated
A: demonic guardian 1, powered by pain 1
a: Renounce Religion, Unearth Wretches


You were on level 2 of the Dungeon.
You worshipped Kikubaaqudgha.
Kikubaaqudgha was most pleased with you.
You visited 1 branch of the dungeon, and saw 2 of its levels.

You collected 49 gold pieces.

Inventory:

Hand Weapons
 g - a +3 short sword
Missiles
 c - 25 stones (quivered)
Armour
 a - a +0 robe (worn)
Jewellery
 k - an amulet of guardian spirit
Scrolls
 b - 2 scrolls of vulnerability {unknown}
 d - a scroll of brand weapon {unknown}
 e - a scroll of enchant weapon {unknown}
 f - 3 scrolls of identify {unknown}
 h - a scroll of teleportation {unknown}
 i - a scroll of torment {unknown}
 j - a scroll of noise {unknown}


   Skills:
 + Level 3.3 Fighting
 - Level 2.6 Dodging
 - Level 1.7 Stealth
 * Level 3.3 Unarmed Combat
 + Level 0.8 Spellcasting
 + Level 1.1 Necromancy


You had 2 spell levels left.
You knew the following spells:

 Your Spells              Type           Power      Damage    Failure   Level
a - Necrotise             Necr           12%        1d4       19%         1

Your spell library contained the following spells:

 Spells                   Type           Power      Damage    Failure   Level
 Sublimation of Blood     Necr           3%         N/A       26%         2
 Vampiric Draining        Necr           3%         2d6       47%         3
 Anguish                  Hex/Necr       1%         N/A       92%         4
 Corpse Rot               Necr/Pois/Air  1%         N/A       94%         4
 Agony                    Necr           3%         N/A       99%         5
 Borgnjor's Vile Clutch   Necr/Erth      1%         N/A       99%         5
 Death Channel            Necr           1%         N/A       100%        6
 Simulacrum               Ice/Necr       1%         N/A       100%        6
 Chain Lightning          Conj/Air       0%         N/A       100%        9
 Fire Storm               Conj/Fire      0%         5d1       100%        9
 Shatter                  Erth           0%         3d5*      100%        9


Dungeon Overview and Level Annotations

Branches:
Dungeon (2/15)

Altars:
Kikubaaqudgha


Innate Abilities, Weirdness & Mutations

A weak demonic guardian rushes to your aid.
You sometimes gain a little power by taking damage.


Message History

Aiming: Necrotise (safe; 19% risk of failure)
Press: ? - help, Shift-Dir - straight line, f - kobold
Aim: a kobold, wielding a +2 dagger of venom (chance to affect: 62%)
You miscast Necrotise.
You are very lightly contaminated with residual magic.
Nothing appears to happen.
Casting: Necrotise (safe; 19% risk of failure)
Confirm with . or Enter, or press ? or * to list all spells.
Aiming: Necrotise (safe; 19% risk of failure)
Press: ? - help, Shift-Dir - straight line, f/p - kobold
Aim: a kobold, wielding a +2 dagger of venom (chance to affect: 62%)
The kobold resists with significant effort.
The kobold hits you with a +2 dagger of venom.
You are poisoned.
Casting: Necrotise (safe; 19% risk of failure)
Confirm with . or Enter, or press ? or * to list all spells.
Aiming: Necrotise (safe; 19% risk of failure)
Press: ? - help, Shift-Dir - straight line, f/p - kobold
Aim: a kobold, wielding a +2 dagger of venom (chance to affect: 62%)
The kobold writhes in agony.
You feel very sick.
The kobold hits you with a +2 dagger of venom.
You are more poisoned.
Casting: Necrotise (safe; 19% risk of failure)
Confirm with . or Enter, or press ? or * to list all spells.
Aiming: Necrotise (safe; 19% risk of failure)
Press: ? - help, Shift-Dir - straight line, f/p - kobold
Aim: a kobold, wielding a +2 dagger of venom (severely wounded, chance to affect: 62%)
You miscast Necrotise.
Nothing appears to happen.
You feel very sick.
The kobold hits you with a +2 dagger of venom.
A demonic guardian appears!
You are more poisoned.
The kobold attacks as you move away!
The kobold hits you with a +2 dagger of venom.
* * * LOW HITPOINT WARNING * * *
You feel very sick.
You swap places.
You die...
Kikubaaqudgha rasps: "You have failed me!
Welcome... death!"

##+# ##...## .
##.....## ##..
##.......## .....
#.........####...#.#
+.........@5K.......
#.........####.?.#.#
#.......## ..#
##.....## .# ##...##
# ## ##)## ... #.#
♣.##.##.###
♣.........#


You could see a kobold (ally target) and a friendly quasit (summoned).

Vanquished Creatures
  3 dart slugs
  2 endoplasms (D:1)
  A giant cockroach (D:1)
  4 goblins
  6 hobgoblins
  2 jackals (D:1)
  4 ball pythons
  5 bats
  A frilled lizard (D:1)
  4 kobolds
  A rat (D:1)
33 creatures vanquished.

Notes
Turn   | Place    | Note
-------+----------+-------------------------------------------
     0 | D:1      | night the Demonspawn Monk began the quest for the Orb.
     0 | D:1      | Reached XP level 1. HP: 18/18 MP: 1/1
   113 | D:1      | Found a faded altar of an unknown god.
   120 | D:1      | Prayed at the altar of an unknown god.
   120 | D:1      | Became a worshipper of Kikubaaqudgha
   120 | D:1      | Reached * piety under Kikubaaqudgha
   120 | D:1      | Received a gift from Kikubaaqudgha
   120 | D:1      | Reached ** piety under Kikubaaqudgha
   266 | D:1      | Gained mutation: You sometimes gain a little power by
                  | taking damage. [demonic ancestry]
   266 | D:1      | Reached XP level 2. HP: 19/24 MP: 2/2
   268 | D:1      | Learned a level 1 spell: Necrotise
   374 | D:1      | Reached *** piety under Kikubaaqudgha
   374 | D:1      | Received a gift from Kikubaaqudgha
  1177 | D:1      | Reached skill level 1 in Necromancy
  1206 | D:1      | Gained mutation: A weak demonic guardian rushes to your
                  | aid. [demonic ancestry]
  1206 | D:1      | Reached XP level 3. HP: 20/29 MP: 1/4
  1794 | D:2      | HP: 4/29 [poisoned by a kobold]
  1795 | D:2      | Succumbed to a kobold's poison

Illustrated notes

Levels and vault maps discovered:
D:1:      tarquinn_simple_flora_water_a, layout_basic,
          dreamdust_ecumenical_altar_statues
D:2:      layout_loops_corners, minmay_stone_trees_small, minmay_snake_closets

Skill      XL: |  1  2 |
---------------+-------+-----
Unarmed Combat | 3 |  3.3
Necromancy     | 1 |  1.1
Fighting       | |  3.3
Dodging        | |  2.6
Stealth        | |  1.7
Spellcasting   | |  0.8

Action                   || total
-------------------------++-------
Melee: Unarmed           ||    68
       Short sword       ||    26
       Punch             ||     3
 Cast: Necrotise         ||    31
  Use: Potion            ||     1
 Stab: Sleeping          ||     4
Armor: Robe              ||    22
Dodge: Dodged            ||    82
